 Dungeon Crawl Stone Soup version 0.29.1-12-g30fa7ad0bf (webtiles) character file.

Game seed: 16750208065187577729

2874 Oxelix the Thaumaturge (level 9, 0/58 (62) HPs)
             Began as a Purple Draconian Conjurer on Jan 4, 2023.
             Was a Priest of Okawaru.
             Slain by Pikel
             ... wielding a +1 whip of flaming
              (2 damage)
             ... on level 8 of the Dungeon.
             The game lasted 00:35:20 (8377 turns).

Oxelix the Thaumaturge (Purple Draconian Conjurer)  Turns: 8377, Time: 00:35:20

HP:   0/58 (62)     AC: 11    Str: 13    XL:     9   Next: 47%
MP:   4/22          EV: 11    Int: 20    God:    Okawaru [***...]
Gold: 455           SH:  2    Dex:  9    Spells: 19/26 levels left

rFire   . . .      SeeInvis +   v - staff of conjuration
rCold   . . .      Faith    .   d - +0 buckler {AC+3}
rNeg    . . .      Spirit   .   (body armour unavailable)
rPois   .          Reflect  .   (helmet restricted)
rElec   .          Harm     .   (no cloak)
rCorr   .          Rampage  .   (no gloves)
Will    +....                   p - +0 pair of boots
Stlth   ++........              n - amulet of regeneration
HPRegen 0.99/turn               i - ring of see invisible
MPRegen 0.18/turn               (no ring)

@: mighty, very slightly contaminated, drained
A: breathe power, AC +7, unfitting armour, cold-blooded
a: Breathe Dispelling Energy, Renounce Religion, Heroism


You were on level 8 of the Dungeon.
You worshipped Okawaru.
Okawaru was most pleased with you.
You visited 2 branches of the dungeon, and saw 9 of its levels.

You collected 481 gold pieces.
You spent 26 gold pieces at shops.

Inventory:

Hand Weapons
 a - a +0 falchion
 h - the +5 short sword of the Feather {speed, Dex+4}
   (You found it on level 2 of the Dungeon)

   Attacks with this weapon are significantly faster.
   Dex:       It affects your dexterity (+4).
Missiles
 w - 2 throwing nets
Armour
 d - a +0 buckler of protection (worn)
 p - a +0 pair of boots (worn)
Magical Staves
 v - a staff of conjuration (weapon)
Jewellery
 e - a ring of resist corrosion
 i - a ring of see invisible (left hand)
 n - an amulet of regeneration (around neck)
Wands
 m - a wand of roots (14)
 s - a wand of light (13)
Scrolls
 b - 3 scrolls of identify
 f - a scroll of vulnerability {unknown}
 g - a scroll of enchant armour {unknown}
 j - 2 scrolls of butterflies {unknown}
 l - a scroll of summoning {unknown}
 o - 2 scrolls of magic mapping {unknown}
 q - 3 scrolls of teleportation {unknown}
 r - 2 scrolls of enchant weapon {unknown}
 x - a scroll of blinking {unknown}
 y - a scroll of brand weapon {unknown}
Potions
 t - a potion of degeneration {unknown}
 u - a potion of curing


   Skills:
 - Level 3.4(4.7) Short Blades
 - Level 5.1(5.6) Long Blades
 - Level 2.1 Staves
 - Level 1.7 Dodging
 - Level 1.7 Stealth
 + Level 9.0 Spellcasting
 + Level 8.9 Conjurations


You had 19 spell levels left.
You knew the following spells:

 Your Spells              Type           Power      Damage    Failure   Level
a - Magic Dart            Conj           100%       1d8       1%          1
b - Searing Ray           Conj           100%       2d8       1%          2
c - Iskenderun's Mystic   Conj/Tloc      40%        2d9       16%         4

Your spell library contained the following spells:

 Spells                   Type           Power      Damage    Failure   Level
 Dazzling Flash           Conj/Hex       80%        N/A       4%          3
 Mephitic Cloud           Conj/Pois/Air  31%        N/A       9%          3
 Fulminant Prism          Conj/Hex       20%        3d13      16%         4
 Frozen Ramparts          Ice            18%        1d3       30%         3
 Ignite Poison            Fire/Tmut/Pois 9%         N/A       30%         3
 Freezing Cloud           Conj/Ice/Air   15%        6-21      63%         5
 Ice Form                 Ice/Tmut       9%         N/A       71%         4
 Summon Ice Beast         Ice/Summ       Unusable   N/A       N/A         4

Dungeon Overview and Level Annotations

Branches:
Dungeon (8/15)             Temple (1/1) D:4
   Lair: D:8-11

Altars:
Ashenzari
Cheibriados
Elyvilon
Fedhas
Gozag
Kikubaaqudgha
Nemelex Xobeh
Okawaru
Qazlal
Ru
Sif Muna
Trog
Uskayaw
Vehumet
Wu Jian
Xom
Yredelemnul
The Shining One

Shops:
D:2 :*   D:4 **   D:6 (

Annotations:
D:8 Pikel


Innate Abilities, Weirdness & Mutations

You can breathe bolts of dispelling energy.
Your rich purple scales are hard. (AC +7)
You cannot fit into any form of body armour.
You are cold-blooded and may be slowed by cold attacks.


Message History

Casting: Iskenderun's Mystic Blast (dangerous; 16% risk of failure)
Confirm with . or Enter, or press ? or * to list all spells.
You don't have enough magic to cast this spell.
You barely miss Pikel.
Pikel is lightly wounded.
Pikel hits you but does no damage.
You barely miss Pikel.
Pikel is lightly wounded.
Pikel hits you but does no damage.
You hit Pikel.
Pikel is lightly wounded.
Pikel hits you but does no damage.
You hit Pikel.
You blast Pikel.
Pikel is moderately wounded.
You feel less wooden.
Your +0 pair of boots unmelds from your body.
You are no longer locked in place.
Pikel hits you with a +1 whip of flaming.
Pikel burns you. Pikel closely misses you.
Casting: Iskenderun's Mystic Blast (dangerous; 16% risk of failure)
Confirm with . or Enter, or press ? or * to list all spells.
You don't have enough magic to cast this spell.
It was a potion of might.
You feel very mighty all of a sudden. Pikel barely misses you.
You hit Pikel.
Pikel is moderately wounded.
Pikel hits you with a +1 whip of flaming!
* * * LOW HITPOINT WARNING * * *
Pikel burns you.
* * * LOW HITPOINT WARNING * * *
You hit Pikel! You tail-slap Pikel!
Pikel is severely wounded.
Pikel barely misses you.
You hit Pikel.
Your tail-slap misses Pikel.
Pikel is almost dead.
Pikel hits you with a +1 whip of flaming!
* * * LOW HITPOINT WARNING * * *
Pikel burns you.
You die...

##### #....
#.#.# #@#.#
#K#.##
#5...#####
###........##
##.^.....≈≈..#
#.§##.§§###..#
#.#^≈.§§# #≈.#
#.#...§^###^.#
##^^.(...^^.^.#


You could see Pikel and a lemure.

Vanquished Creatures
  Grinder (D:6)
  A steam dragon (D:8)
  Duvessa (D:5)
  2 water moccasins
  A sky beast (D:7)
  An orc warrior (D:7)
  An ogre (D:5)
  2 centaurs (D:7)
  A phantom (D:4)
  A kobold brigand (D:6)
  3 gnoll sergeants (D:6)
  3 necrophages
  2 scorpions
  2 wights (D:8)
  Dowan (D:6)
  4 howler monkeys (D:7)
  A jelly (D:6)
  4 orc priests
  9 hounds
  A gnoll bouda (D:6)
  2 iguanas
  4 orc wizards
  15 gnolls
  4 adders
  A white imp (D:7)
  A worm (D:2)
  4 dart slugs
  11 orcs
  8 ball pythons
  5 bats (D:1)
  5 endoplasms
  2 giant cockroaches (D:1)
  5 goblins
  4 hobgoblins
  4 jackals
  3 quokkas
  A frilled lizard (D:3)
  11 kobolds
  2 rats
134 creatures vanquished.

Notes
Turn   | Place    | Note
-------+----------+-------------------------------------------
     0 | D:1      | Oxelix the Draconian Conjurer began the quest for the Orb.
     0 | D:1      | Reached XP level 1. HP: 14/14 MP: 3/3
   283 | D:1      | Reached XP level 2. HP: 20/20 MP: 1/5
   424 | D:1      | Found a faded altar of an unknown god.
  1038 | D:1      | Reached XP level 3. HP: 26/26 MP: 4/6
  1100 | D:2      | Found Runutt's General Store.
  1201 | D:2      | Found Heos's Vocational Training.
  1206 | D:2      | Identified the +5 short sword of the Feather {speed, Dex+4}
  1274 | D:2      | Found a bloodstained altar of Trog.
  1857 | D:3      | Reached skill level 3 in Spellcasting
  1857 | D:3      | Reached XP level 4. HP: 4/33 MP: 2/8
  2170 | D:3      | Reached skill level 5 in Conjurations
  2353 | D:3      | Found a white marble altar of Elyvilon.
  3064 | D:4      | Identified the +3 sling "Mabaat" {venom, *Corrode rElec
                  | rPois rC++}
  3100 | D:4      | Reached skill level 1 in Long Blades
  3100 | D:4      | Reached XP level 5. HP: 38/38 MP: 8/10
  3161 | D:4      | Found a staircase to the Ecumenical Temple.
  3184 | Temple   | Entered the Ecumenical Temple
  3335 | Temple   | Became a worshipper of Warmaster Okawaru
  3400 | D:4      | Reached skill level 4 in Spellcasting
  3400 | D:4      | Reached XP level 6. HP: 39/45 MP: 8/12
  3875 | D:4      | Found Wiull's General Store.
  3877 | D:4      | Found Mollom's Specific Store.
  3889 | D:4      | Bought a scroll of identify for 26 gold pieces
  4111 | D:5      | Entered Level 5 of the Dungeon
  4164 | D:5      | Learned a level 2 spell: Searing Ray
  4385 | D:5      | Found an ancient bone altar of Kikubaaqudgha.
  4457 | D:5      | Your scales start taking on a rich purple colour.
  4457 | D:5      | Reached skill level 5 in Spellcasting
  4457 | D:5      | Reached XP level 7. HP: 47/50 MP: 3/15
  4682 | D:5      | Reached * piety under Okawaru
  4795 | D:5      | Reached skill level 6 in Spellcasting
  5148 | D:6      | Noticed Duvessa
  5148 | D:6      | Noticed Dowan
  5151 | D:6      | Noticed Grinder
  5292 | D:6      | Killed Dowan
  5368 | D:6      | Killed Grinder
  5368 | D:6      | Reached ** piety under Okawaru
  5369 | D:6      | Reached XP level 8. HP: 42/57 MP: 6/18
  5610 | D:5      | HP: 2/85 [Duvessa/+0 short sword of protection (9)]
  5615 | D:5      | Killed Duvessa
  5616 | D:5      | Reached skill level 5 in Long Blades
  5616 | D:5      | Reached skill level 7 in Spellcasting
  5787 | D:6      | Reached skill level 1 in Short Blades
  6062 | D:6      | Found a radiant altar of Vehumet.
  6218 | D:6      | Found Xilei's Weapon Shoppe.
  6653 | D:7      | Reached skill level 8 in Spellcasting
  6735 | D:7      | Identified the +1 ring mail of Leapfrog {*Corrode Int+9
                  | Dex+5}
  6792 | D:7      | Reached XP level 9. HP: 33/62 MP: 15/21
  7032 | D:7      | Reached *** piety under Okawaru
  7195 | D:7      | Reached skill level 1 in Staves
  7250 | D:7      | Learned a level 4 spell: Iskenderun's Mystic Blast
  8105 | D:8      | Found a stormy altar of Qazlal.
  8279 | D:8      | Noticed Pikel
  8338 | D:8      | Reached skill level 9 in Spellcasting
  8377 | D:8      | HP: 2/58 [Pikel/+1 whip of flaming (8)]
  8377 | D:8      | Slain by Pikel

Illustrated notes

Levels and vault maps discovered:
D:1:      lightli_arrival_boilingwater, layout_loops_ring,
          shapermc_ecumenical_altar_totnotflames
D:2:      layout_basic, serial_shops, nicolae_shop_advertising_works
          [nicolae_subvault_shop_adworks], basic_altar, nicolae_shop_vocational
D:3:      layout_basic, mainiacjoe_overflow_concentric_impassable
D:4:      layout_loops_cross, minmay_temple_entry_wispy, nicolae_specific_store,
          minmay_misc_feat_roman
D:5:      layout_basic, amcnicky_altar_gilded, kennysheep_generic_room_15
D:6:      layout_cave_pools, nicolae_vehumet_radiance, serial_gnoll_camp,
          gnoll_camp_mini_hut, gnoll_camp_mini_doghouse, gnoll_camp_huts_basic,
          gnoll_camp_mini_shop, uniq_grinder, uniq_duvessa
D:7:      layout_basic
D:8:      layout_loops_ring, grunt_qazlal_sundering, kennysheep_mini_moat,
          uniq_pikel
Temple:   nicolae_temple_superstar

Skill      XL: |  1  2  3  4  5  6  7  8  9 |
---------------+----------------------------+-----
Spellcasting   | 3 4 5 6 8 9 |  9.0
Conjurations   | 5 6 7 8 |  8.9
Long Blades    | 1 2 3 4 5 |  5.1
Short Blades   | 3 |  3.4
Staves         | 2 |  2.1
Dodging        | |  1.7
Stealth        | |  1.7

Action                   |  1- 3 |  4- 6 |  7- 9 || total
-------------------------+-------+-------+-------++-------
Melee: Unarmed           |    14 |       |       ||    14
       Dagger            |    19 |       |       ||    19
       Tailslap          |     6 |     5 |    16 ||    27
       Short sword       |    11 |    34 |   110 ||   155
       Punch             |       |     1 |       ||     1
       Staff             |       |       |    39 ||    39
 Cast: Magic Dart        |    60 |    68 |   153 ||   281
       Searing Ray       |       |     6 |    28 ||    34
       Iskenderun's Myst |       |       |     9 ||     9
 Abil: Breathe Dispellin |       |       |     6 ||     6
  Use: Potion            |       |     1 |    10 ||    11
       Scroll            |       |     1 |       ||     1
 Stab: Sleeping          |     2 |       |       ||     2
Armor: Skin              |    14 |    15 |   142 ||   171
Dodge: Dodged            |    26 |    32 |   144 ||   202
Block: Buckler           |       |       |    14 ||    14
